 Dungeon Crawl Stone Soup version 0.31-a0-700-gf13585253f (webtiles) character file.

Game seed: 11500862952674293395

100 qw the Shooter (level 4, -4/28 HPs)
             Began as a Gargoyle Hunter on Sept 7, 2023.
             Killed from afar by Natasha (7 damage)
             ... with a puff of flame
             ... on level 3 of the Dungeon.
             The game lasted 00:00:35 (1143 turns).

qw the Shooter (Gargoyle Hunter)                    Turns: 1143, Time: 00:00:36

Health: -4/28      AC: 10    Str: 15    XL:     4   Next: 73%
Magic:  4/4        EV: 11    Int:  9    God:
Gold:   104        SH:  5    Dex: 15    Spells: 3/3 levels left

rFire   . . .        Y - +0 shortbow
rCold   . . .        (shield currently unavailable)
rNeg    + . .        e - +0 ring mail
rPois   inf          (no helmet)
rElec   +            (no cloak)
rCorr   .            (no gloves)
SInv    .            j - +1 pair of boots
Will    .....        i - amulet of reflection
Stlth   +            (no ring)
HPRegen 0.24/turn    (no ring)
MPRegen 0.09/turn

%: reflection
@: slowed, very slow
A: sickness immunity, AC +3, negative energy resistance 1, electricity
resistance, torment resistance 1, petrification resistance
a: no special abilities


You were on level 3 of the Dungeon.
You visited 1 branch of the dungeon, and saw 3 of its levels.

You collected 104 gold pieces.


Innate Abilities, Weirdness & Mutations

You are immune to sickness and miasma.
Your stone body is resilient. (AC +3)
You are immune to poison.
You resist negative energy. (rN+)
You are resistant to electric shocks. (rElec)
You are resistant to unholy torment.
You are immune to petrification.


   Skills:
 - Level 3.0 Fighting
 + Level 5.4 Ranged Weapons
 - Level 1.0 Armour
 - Level 1.5 Dodging
 - Level 1.1 Stealth


You had 3 spell levels left.
You didn't know any spells.
Your spell library was empty.

Inventory:

Hand Weapons
 Y - a +0 shortbow (weapon)
Armour
 e - a +0 ring mail (worn)
 j - a +1 pair of boots (worn)
Jewellery
 i - an amulet of reflection (around neck)
Scrolls
 h - 2 scrolls of identify

Dungeon Overview and Level Annotations

Branches:
Dungeon (3/15)

Altars:

Annotations:
D:3 Natasha, Robin, Terence


Message History

Terence says, "Time to say good-bye..."
The gnoll hits you with a +0 whip. The gnoll misses you.
The cerulean imp barely misses you. Natasha claws you but does no damage.
You shoot an arrow. The arrow hits the gnoll.
The gnoll is moderately wounded.
The gnoll hits you with a +0 club. You block the gnoll's attack.
The cerulean imp closely misses you.
Natasha casts a spell.
Terence hits you but does no damage. The gnoll hits you with a +0 club.
The gnoll closely misses you.
You shoot an arrow.
The arrow hits the gnoll but does no damage.
The gnoll is moderately wounded.
The cerulean imp barely misses you.
Natasha mumbles some strange words.
You feel troubled.
Natasha stares at you and mumbles some strange words.
You feel yourself slow down. Terence barely misses you.
The gnoll hits you with a +0 club. The gnoll hits you with a +0 whip.
The cerulean imp hits you but does no damage.
An orc comes into view. It is wielding a +0 short sword.
The cerulean imp hits you but does no damage.
Natasha mewls in sadness.
Natasha claws you but does no damage.
You shoot an arrow. The orc shouts!
The arrow hits the gnoll.
The gnoll is severely wounded.
You block Terence's attack. The gnoll hits you with a +0 club.
The gnoll hits you but does no damage. The cerulean imp misses you.
You block the cerulean imp's attack.
Natasha zaps a wand.
The puff of flame misses you. The worm closely misses you.
Terence hits you but does no damage.
The gnoll hits you but does no damage. x2
The cerulean imp barely misses you.
The cerulean imp hits you but does no damage.
An orc comes into view. It is wielding a +0 club.
You shoot an arrow. The arrow closely misses the gnoll.
Natasha zaps a wand.
The puff of flame hits you!
You die...
Natasha begins licking her fur clean.

.....
.....oo....##
......
............#
.......
............
...........#
...........#
...........#
...<..ghg..#
......@@w..#
.....5..5..#
###.#####....#
# .##.# # #


You could see Terence, a worm, Natasha, 2 gnolls, 2 cerulean imps and 2 orcs.

Vanquished Creatures
  A gnoll (D:3)
  3 adders
  A worm (D:2)
  2 dart slugs
  5 endoplasms
  2 giant cockroaches (D:2)
  16 goblins
  9 hobgoblins
  A kobold (D:3)
  3 ball pythons
  A bat (D:3)
  3 frilled lizards (D:2)
  2 rats
49 creatures vanquished.

Notes
Turn   | Place    | Note
-------+----------+-------------------------------------------
     0 | D:1      | qw the Gargoyle Hunter began the quest for the Orb.
     0 | D:1      | Reached XP level 1. HP: 12/12 MP: 1/1
     0 | D:1      | 0 ||| qw: Version: 0.3-a-76-g4403597
     0 | D:1      | 0 ||| qw: Game counter: 611
     0 | D:1      | 0 ||| qw: Melee chars always use a shield: true
     0 | D:1      | 0 ||| qw: God list: Okawaru
     0 | D:1      | 0 ||| qw: Allow faded altars: false
     0 | D:1      | 0 ||| qw: Do Orc after clearing Dungeon:15 true
     0 | D:1      | 0 ||| qw: Do second Lair branch before Depths: true
     0 | D:1      | 0 ||| qw: Lair rune preference: random
     0 | D:1      | 0 ||| qw: Goals: Normal
     0 | D:1      | 0 ||| PLANNING D:1-11
   172 | D:1      | Reached XP level 2. HP: 17/17 MP: 2/2
   544 | D:1      | 544 ||| UPGRADING to +0 ring mail.
   554 | D:1      | 554 ||| DROPPING +0 leather armour.
   555 | D:1      | 555 ||| UPGRADING to +0 pair of boots.
   560 | D:1      | 560 ||| UPGRADING to amulet of reflection.
   565 | D:1      | 565 ||| READING 2 scrolls labelled MIMOTAENESK.
   566 | D:1      | 566 ||| READING scroll of enchant armour.
   566 | D:1      | 566 ||| ENCHANTING +0 pair of boots.
   567 | D:1      | 567 ||| READING scroll labelled EDGHOT TIEQA.
   571 | D:1      | 571 ||| READING scroll labelled XEIKIGG HAASA.
   572 | D:1      | 572 ||| READING 2 scrolls labelled ECICHUCEMO.
   573 | D:1      | 573 ||| DROPPING scroll of butterflies.
   599 | D:2      | Reached XP level 3. HP: 21/21 MP: 3/3
   620 | D:2      | Reached skill level 1 in Armour
   674 | D:2      | Found a faded altar of an unknown god.
   784 | D:2      | Reached skill level 5 in Ranged Weapons
   806 | D:2      | 806 ||| Stepping ~*~*~tactically~*~*~ (outnumbered).
   963 | D:2      | 963 ||| READING scroll labelled FYIWIJ BE XEIWN.
   964 | D:2      | 964 ||| READING scroll labelled OME ROPHUDIACU.
   965 | D:2      | 965 ||| READING 3 scrolls of identify.
   965 | D:2      | 965 ||| IDENTIFYING lumpy orange potion
  1058 | D:3      | 1058 ||| Stepping ~*~*~tactically~*~*~ (outnumbered).
  1059 | D:3      | 1059 ||| Stepping ~*~*~tactically~*~*~ (outnumbered).
  1060 | D:3      | 1060 ||| Stepping ~*~*~tactically~*~*~ (outnumbered).
  1061 | D:3      | 1061 ||| Stepping ~*~*~tactically~*~*~ (outnumbered).
  1092 | D:3      | Noticed Robin
  1094 | D:3      | Reached skill level 3 in Fighting
  1094 | D:3      | Reached XP level 4. HP: 28/28 MP: 4/4
  1130 | D:3      | HP: 6/28 [Robin/+0 trident (7)]
  1131 | D:3      | 1131 ||| READING scroll of teleportation.
  1132 | D:3      | 1132 ||| DRINKING potion of heal wounds.
  1135 | D:3      | Noticed Natasha
  1135 | D:3      | Noticed Terence
  1141 | D:3      | HP: 7/28 [gnoll/+0 whip (1)]
  1142 | D:3      | HP: 2/28 [gnoll/+0 club (5)]
  1143 | D:3      | Killed from afar by Natasha

Levels and vault maps discovered:
D:1:      psy_arrival_statuary, layout_loops_ring, minmay_pentomino_r4
D:2:      layout_basic, basic_ecumenical_altar
D:3:      layout_basic, uniq_natasha, uniq_crazy_yiuf_cottage, uniq_terence,
          uniq_robin

Skill      XL: |  1  2  3 |
---------------+----------+-----
Armour         | 1 |  1.0
Ranged Weapons | 5 |  5.4
Fighting       | 3 |  3.0
Dodging        | |  1.5
Stealth        | |  1.1

Action                     |  1- 3 |  4- 6 || total
---------------------------+-------+-------++-------
   Fire: Shortbow          |    98 |    48 ||   146
    Use: Scroll            |     8 |     1 ||     9
         Potion            |       |     1 ||     1
 Armour: Ring mail         |    27 |    58 ||    85
  Dodge: Dodged            |    23 |    53 ||    76
  Block: Other             |     7 |    23 ||    30
         Reflection        |     2 |       ||     2

Table legend:
 A = Non-vault XP
 B = Vault XP
 C = Vault XP percentage of total XP
 D = Non-vault monster count
 E = Vault monster count
 F = Vault count percentage of total count
                 A         B        C        D         E       F
            +---------+---------+-------+---------+---------+-------
      Total |     115 |      28 |  19.6 |      35 |      14 |  28.6
            +---------+---------+-------+---------+---------+-------
        D:1 |      22 |       4 |  15.4 |      11 |       2 |  15.4
        D:2 |      45 |       0 |   0.0 |      16 |       0 |   0.0
        D:3 |      48 |      24 |  33.3 |       8 |      12 |  60.0
            +---------+---------+-------+---------+---------+-------
